Map: Nightscape LE

Players

ViniPuh

  • Race: Zerg Zerg
  • Spawn Location: 1:00

XopizX

  • Race: Terran Terran
  • Spawn Location: 1:00

Massa - Winner!

  • Race: Terran Terran
  • League: Gold
  • Spawn Location: 7:00

qqq - Winner!

  • Race: Protoss Protoss
  • League: Platinum
  • Spawn Location: 7:00

VOD

Have the link to the VOD?

Description

Time

  • Played on: July 29, 2020, 11:26 a.m.
  • Length: 14:18
Show
View Real Time Build Order
Export as new Build Order

ViniPuh Zerg 

Build Orders: Hatch First 

Get SALT Encoding   

  12  0:02  Drone  
  13  0:17  Overlord  
  13  0:22  Drone  
  14  0:36  Drone  
  14  0:37  Drone  
  16  0:43  Drone  
  17  0:50  Drone  
  18  1:05  Hatchery  
  18  1:08  Extractor  
  18  1:10  Drone  
  17  1:17  Overlord  
  17  1:22  Drone  
  18  1:27  Spawning Pool  
  17  1:33  Drone  
  18  1:46  Drone  
  19  1:55  Drone  
  20  2:11  Drone  
  20  2:14  Metabolic Boost  
  21  2:19  Queen x2, Evolution Chamber  
  21  2:20  Zergling x4  
  26  2:30  Drone  
  26  2:31  Drone  
  28  2:37  Drone  
  29  2:49  Zerg Melee Weapons Level 1  
  29  2:50  Drone x3  
  32  3:20  Drone x4  
  32  3:25  Lair  
  36  3:34  Extractor  
  36  3:36  Extractor  
  36  3:39  Roach Warren  
  33  3:41  Drone  
  33  3:42  Drone x2  
  33  3:43  Overlord x3  
  36  4:05  Drone x8  
  44  4:21  Drone x3  
  44  4:23  Extractor  
  46  4:28  Glial Reconstitution  
  46  4:32  Overlord x2  
  46  4:42  Drone x3  
  46  4:43  Zerg Missile Weapons Level 1  
  46  4:44  Zergling x10  
  46  4:45  Zergling x2  
  55  4:49  Roach  
  57  5:03  Roach x2  
  61  5:11  Baneling Nest  
  60  5:17  Baneling Nest  
  60  5:18  Drone x2  
  60  5:19  Drone  
  60  5:20  Roach x4  
  70  5:24  Ravager x2  
  72  5:35  Hatchery  
  72  5:36  Ravager  
  72  5:40  Roach x2  
  76  5:46  Spore Crawler  
  76  5:47  Spore Crawler  
  76  5:48  Spore Crawler  
  73  5:50  Spore Crawler  
  73  5:51  Spore Crawler  
  73  5:52  Queen x2, Spore Crawler  
  73  5:55  Centrifical Hooks  
  64  6:23  Drone x2  
  64  6:24  Drone x4  
  64  6:25  Drone, Spire  
  70  6:37  Queen  
  72  6:42  Zerg Melee Weapons Level 2  
  72  6:49  Roach  
  72  6:50  Roach  
  76  7:10  Drone x2  
  76  7:11  Drone  
  79  7:18  Queen  
  79  7:20  Drone  
  79  7:21  Overlord  
  79  7:22  Overlord  
  82  7:45  Baneling x6  
  82  7:46  Baneling  
  82  7:47  Roach  
  82  7:48  Roach x4  
  92  7:53  Queen  
  94  7:59  Extractor  
  94  8:01  Extractor  
  94  8:04  Zerg Flyer Armor Level 1  
  92  8:09  Corruptor  
  92  8:10  Corruptor x2  
  98  8:26  Overlord  
  98  8:27  Overlord x3  
  88  8:42  Drone x7  
  95  9:09  Zerg Ground Armor Level 1  
  95  9:12  Corruptor  
  95  9:13  Corruptor x2  
  101  9:27  Spore Crawler x2  
  101  9:28  Drone x5  
  101  9:29  Spore Crawler  
  103  9:34  Drone x3  
  103  9:37  Overseer  
  106  9:39  Pneumatized Carapace  
  106  9:58  Zerg Flyer Weapons Level 1  
  106  10:02  Corruptor x4  
  95  10:29  Corruptor x4  
  95  10:30  Corruptor  
  92  10:38  Corruptor  
  86  10:53  Infestation Pit  
  85  11:00  Queen  
  85  11:02  Drone x6  
  93  11:28  Corruptor  
  93  11:29  Corruptor x2  
  99  11:32  Hatchery  
  99  11:35  Queen  
  99  11:38  Hive  
  100  12:01  Corruptor  
  100  12:02  Corruptor x4  
  104  12:16  Corruptor x3  
  94  12:26  Corruptor x2  
  76  12:41  Corruptor  
  76  12:42  Corruptor x2  
Show
View Real Time Build Order
Export as new Build Order

XopizX Terran 

Build Orders:  

Get SALT Encoding   

  12  0:04  SCV  
  13  0:16  SCV  
  13  0:20  Refinery  
  14  0:29  SCV  
  14  0:33  Supply Depot  
  15  0:40  Refinery  
  15  0:55  Barracks  
  15  0:57  SCV  
  16  1:10  Supply Depot  
  16  1:14  SCV  
  17  1:26  SCV  
  18  1:42  Barracks Tech Lab  
  18  1:44  Factory  
  18  1:58  Engineering Bay  
  18  2:01  SCV  
  18  2:03  Marine  
  18  2:07  Supply Depot  
  20  2:13  SCV  
  21  2:38  Siege Tank  
  24  2:47  Barracks Reactor  
  24  2:52  Barracks  
  23  3:06  SCV  
  23  3:10  Siege Tank  
  27  3:18  SCV  
  28  3:24  Bunker  
  28  3:26  Marine x2  
  30  3:30  SCV  
  31  3:41  Barracks Reactor  
  31  3:43  Marine, Supply Depot  
  31  3:44  Marine  
  33  4:00  SCV  
  33  4:01  Marine  
  35  4:03  Marine  
  35  4:06  Terran Infantry Weapons Level 1  
  36  4:13  Missile Turret  
  36  4:16  Missile Turret  
  36  4:19  Marine  
  37  4:24  Orbital Command  
  37  4:53  Command Center  
  37  4:56  SCV  
  38  5:00  Marine  
  38  5:03  Marine  
  40  5:07  Marine  
  40  5:10  Marine  
  42  5:21  Missile Turret  
  42  5:24  SCV  
  42  5:28  Marine  
  44  5:32  Marine  
  45  5:36  SCV  
  46  5:48  SCV  
  47  5:51  Missile Turret  
  47  6:05  SCV  
  47  6:10  Terran Infantry Armor Level 1  
  48  6:14  SCV, Marine x2  
  48  6:15  Marine x2  
  48  6:17  SCV  
  51  6:28  Orbital Command  
  51  6:29  SCV  
  51  6:32  Marine x2  
  54  6:34  Marine x2  
  56  6:45  Barracks  
  56  6:50  Barracks  
  56  6:52  Marine x2  
  56  6:54  Marine  
  59  7:03  SCV x2  
  59  7:04  Missile Turret  
  61  7:13  Marine  
  62  7:20  Marine  
  63  7:35  Command Center  
  63  7:41  Marine x2  
  65  7:44  Barracks Tech Lab x2  
  65  7:46  Marine  
  65  7:48  Marine  
  65  7:50  SCV  
  68  7:53  SCV  
  69  8:00  Armory  
  69  8:03  SCV  
  69  8:04  Neosteel Armor  
  70  8:14  Supply Depot  
  70  8:18  Supply Depot  
  70  8:20  Combat Shield  
  70  8:22  Stimpack  
  70  8:35  SCV  
  71  8:44  Marine x3  
  71  8:45  Marine  
  71  8:46  SCV  
  76  8:48  Missile Turret  
  76  8:51  Missile Turret  
  76  8:52  SCV  
  76  8:54  Orbital Command  
  76  8:55  Marine x2  
  77  9:02  Marine x3  
  78  9:03  SCV, Marine  
  78  9:05  SCV  
  82  9:13  Marine x2  
  84  9:20  Marine  
  84  9:21  Marine x3  
  84  9:22  SCV x2  
  84  9:23  SCV  
  91  9:27  Missile Turret  
  91  9:31  Marine x2  
  91  9:34  SCV x2  
  91  9:35  SCV  
  91  9:36  Refinery x2  
  96  9:39  Concussive Shells  
  96  9:41  Engineering Bay  
  96  9:46  Starport, SCV  
  96  9:50  Starport  
  97  9:52  Marine  
  97  9:53  Marine x3  
  101  10:15  Missile Turret  
  101  10:16  Missile Turret x2  
  101  10:18  Missile Turret  
  101  10:20  SCV x2, Marine x4  
  107  10:25  Supply Depot x2  
  107  10:27  Starport Reactor  
  107  10:28  Supply Depot  
  107  10:29  Starport Reactor  
  107  10:30  Marine  
  107  10:33  Marine  
  109  10:45  Terran Infantry Armor Level 2  
  109  10:46  Siege Tank  
  112  10:52  Terran Infantry Weapons Level 2  
  112  11:01  Terran Vehicle And Ship Armor Level 1  
  112  11:04  Marine x4  
  113  11:07  SCV x2  
  113  11:08  SCV  
  119  11:16  Medivac x2  
  119  11:17  Medivac  
  125  11:19  SCV, Medivac  
  125  11:20  SCV  
  125  11:22  Marine  
  125  11:23  Marine  
  131  11:29  Marine x2  
  133  11:33  Refinery  
  133  11:35  Refinery  
  133  12:02  Marine x5  
  133  12:03  Siege Tank  
  141  12:10  Marine  
  141  12:11  Medivac x3  
  141  12:12  Medivac  
  130  12:20  Marine x2  
  97  12:33  Marine x4  
  95  12:38  Marine  
  95  12:42  Marine  
  86  12:51  Marine x4  
  81  12:56  Marine  
  84  13:00  Marine  
  85  13:08  Marine  
  85  13:09  Marine x3  
  89  13:14  Marine  
  89  13:18  Marine  
  91  13:26  Marine x2  
  91  13:27  Marine x2  
  92  13:31  Marine  
  96  13:36  Marine  
  96  13:44  Marine x3  
  96  13:45  Marine  
  99  13:49  Marine  
Show
View Real Time Build Order
Export as new Build Order

Massa Terran - Winner!

Build Orders:  

Get SALT Encoding   

  12  0:01  SCV  
  13  0:13  SCV  
  14  0:21  Supply Depot  
  14  0:25  SCV  
  15  0:31  Refinery  
  15  0:43  SCV  
  15  0:45  Barracks  
  16  0:55  SCV  
  17  1:07  SCV  
  18  1:18  Barracks  
  18  1:19  SCV  
  19  1:32  Reaper  
  20  1:36  Supply Depot  
  20  1:41  SCV  
  21  2:04  Command Center  
  21  2:07  Supply Depot  
  21  2:09  Marine  
  21  2:14  Barracks Tech Lab  
  22  2:22  Orbital Command  
  22  3:09  Marine x2  
  24  3:20  Orbital Command  
  24  3:25  Factory  
  24  3:27  Marine x2  
  23  3:28  SCV  
  23  3:30  Stimpack  
  26  3:40  SCV  
  27  3:44  Marine, Engineering Bay  
  27  3:45  Marauder  
  30  3:52  SCV  
  31  4:01  Barracks  
  31  4:04  SCV  
  32  4:12  Factory Reactor  
  32  4:15  Barracks Tech Lab  
  32  4:16  SCV  
  33  4:17  Starport  
  33  4:20  Marauder  
  35  4:25  SCV  
  35  4:28  SCV  
  37  4:37  SCV  
  38  4:40  Refinery, SCV  
  38  4:41  Marauder  
  38  4:42  Refinery  
  41  4:46  Supply Depot  
  41  4:49  SCV  
  41  4:51  Missile Turret  
  42  4:53  Supply Depot  
  42  4:56  SCV, Supply Depot  
  43  5:01  SCV  
  43  5:03  Combat Shield  
  43  5:05  Barracks Reactor  
  44  5:08  SCV  
  44  5:11  Widow Mine  
  44  5:13  SCV  
  48  5:18  Widow Mine  
  48  5:21  SCV  
  51  5:25  SCV  
  52  5:33  SCV, Medivac  
  55  5:37  Refinery  
  55  5:42  SCV  
  56  5:43  Command Center  
  56  5:45  SCV  
  56  5:46  Widow Mine  
  56  5:47  Widow Mine  
  56  5:48  Marauder x2  
  56  5:49  Marine  
  66  5:50  Marine  
  66  5:54  SCV, Concussive Shells  
  68  5:57  SCV  
  69  6:06  SCV  
  69  6:07  Marine  
  69  6:08  Marine  
  69  6:09  SCV, Marauder  
  69  6:10  Marauder  
  77  6:18  SCV, Supply Depot  
  78  6:20  Supply Depot  
  78  6:23  Supply Depot  
  78  6:29  Missile Turret  
  78  6:32  Supply Depot  
  78  6:40  Widow Mine, Marauder, Marine x2, Medivac  
  78  6:42  Widow Mine, Marauder  
  90  6:50  Supply Depot  
  90  6:52  Supply Depot  
  90  6:55  Supply Depot  
  90  6:57  Supply Depot  
  90  6:59  Missile Turret  
  90  7:02  Engineering Bay  
  90  7:03  Terran Infantry Weapons Level 1  
  90  7:06  Armory  
  90  7:26  Missile Turret  
  90  7:29  Marauder  
  94  7:30  Marauder, Marine x2  
  94  7:34  Widow Mine x2  
  100  7:39  SCV x2  
  102  7:48  Marine  
  102  7:51  Orbital Command, Marauder x2, SCV x2  
  109  8:03  SCV x2  
  111  8:06  Missile Turret, Hellbat  
  111  8:07  Missile Turret, Hellbat  
  111  8:09  Medivac  
  117  8:13  Terran Infantry Armor Level 1  
  117  8:15  SCV  
  117  8:16  Terran Vehicle Weapons Level 1  
  118  8:26  SCV x2  
  120  8:27  SCV  
  120  8:28  Hellbat  
  120  8:33  Hellbat  
  125  8:38  SCV x2  
  125  8:40  Starport Reactor  
  127  8:49  Hellbat  
  127  8:54  Hellbat  
  131  9:10  SCV x3  
  131  9:11  Widow Mine  
  131  9:13  Command Center  
  131  9:16  Widow Mine, Refinery, Command Center  
  138  9:18  Refinery  
  138  9:22  SCV x3  
  141  9:28  Marauder x2, Marine x2  
  147  9:32  Widow Mine  
  147  9:36  Barracks  
  149  9:40  Terran Infantry Weapons Level 2  
  149  9:41  Barracks  
  149  9:46  Marine x2  
  149  9:49  Marauder  
  149  9:50  Armory, Marauder  
  155  10:04  Marine x2  
  157  10:20  Supply Depot x2  
  157  10:22  Terran Infantry Armor Level 2  
  157  10:24  Terran Vehicle Weapons Level 2, Marine x2  
  157  10:25  SCV x3, Marauder x2  
  166  10:37  SCV x3  
  166  10:42  Marine x2  
  171  10:43  Barracks Tech Lab x2  
  171  10:44  Supply Depot  
  171  10:45  Supply Depot  
  171  10:46  Marauder x2  
  171  10:49  SCV x2  
  177  10:54  Missile Turret  
  177  11:00  Marine  
  178  11:07  Supply Depot  
  178  11:08  Marauder x2, Sensor Tower  
  178  11:10  Supply Depot  
  182  11:14  Missile Turret  
  182  11:29  Marauder x2  
  182  11:32  Supply Depot  
  186  11:33  SCV  
  186  11:34  SCV x2  
  186  11:36  Planetary Fortress  
  186  11:37  Missile Turret  
  189  11:46  SCV  
  190  11:50  Marauder x2  
  194  11:58  Missile Turret  
  125  12:32  Marauder  
  125  12:33  Marauder x2  
  125  12:34  Marine x4  
  125  12:36  Missile Turret  
  115  12:38  Thor  
  115  12:40  Medivac x2  
  123  12:51  Marine  
  123  12:52  Marine x3  
  123  12:54  Marauder x3  
  133  12:59  Missile Turret  
  133  13:09  Marine  
  133  13:10  Marine x3, Medivac x2  
  141  13:15  Marauder x2  
  141  13:16  Marauder  
  147  13:21  Thor, Missile Turret  
  151  13:27  Marine x2  
  151  13:28  Marine x2  
  155  13:37  Marauder x3  
  155  13:40  Medivac x2  
  165  13:45  Marine x3  
  165  13:46  Missile Turret  
  171  14:08  Missile Turret  
  180  14:14  Command Center  
Show
View Real Time Build Order
Export as new Build Order

qqq Protoss - Winner!

Build Orders: 1 Gate Expand, Carriers, Mass Phoenix 

Get SALT Encoding   

  12  0:01  Probe  
  13  0:13  Probe  
  14  0:17  Pylon  
  14  0:25  Probe  
  15  0:32  Pylon  
  15  0:37  Probe  
  16  0:49  Probe  
  17  0:51  Gateway  
  17  0:59  Pylon  
  17  1:02  Probe  
  18  1:14  Probe  
  19  1:26  Probe  
  20  1:36  Nexus  
  20  1:38  Probe  
  21  1:49  Assimilator  
  21  1:50  Probe  
  21  1:53  Assimilator  
  22  2:02  Probe  
  22  2:03  Cybernetics Core  
  23  2:14  Probe  
  24  2:26  Probe  
  25  2:30  Forge  
  25  2:38  Probe  
  26  2:50  Probe x2  
  28  3:02  Probe  
  28  3:03  Probe  
  30  3:13  Stargate  
  30  3:14  Probe  
  30  3:15  Probe  
  30  3:16  Stargate  
  32  3:26  Probe  
  33  3:27  Probe  
  34  3:38  Probe  
  34  3:39  Probe  
  36  3:43  Assimilator  
  36  3:44  Protoss Air Weapons Level 1  
  36  3:47  Assimilator  
  36  3:50  Probe  
  36  3:51  Probe  
  36  3:53  Photon Cannon  
  38  3:57  Photon Cannon  
  38  4:02  Probe  
  39  4:03  Probe  
  39  4:08  Phoenix x2  
  44  4:14  Probe  
  44  4:15  Probe  
  46  4:26  Probe  
  46  4:27  Probe  
  46  4:29  Nexus  
  48  4:32  Pylon  
  48  4:34  Pylon  
  48  4:37  Phoenix  
  50  4:39  Probe  
  51  4:46  Phoenix  
  53  4:53  Photon Cannon  
  53  4:59  Photon Cannon  
  53  5:02  Phoenix (Chrono Boost)  
  55  5:10  Phoenix (Chrono Boost)  
  57  5:21  Phoenix (Chrono Boost)  
  57  5:22  Probe x2  
  57  5:25  Phoenix  
  63  5:34  Probe  
  63  5:35  Probe  
  65  5:41  Probe  
  65  5:42  Phoenix  
  68  5:46  Probe  
  68  5:47  Probe  
  70  5:50  Phoenix  
  70  5:53  Probe  
  73  5:58  Probe  
  73  5:59  Probe  
  75  6:07  Phoenix  
  77  6:15  Phoenix  
  75  6:31  Probe x3, Shield Battery  
  75  6:32  Phoenix  
  80  6:33  Photon Cannon  
  80  6:34  Assimilator  
  80  6:38  Assimilator  
  80  6:40  Phoenix  
  80  6:42  Fleet Beacon  
  80  6:43  Probe, Pylon  
  80  6:45  Pylon  
  83  6:51  Stargate  
  83  6:57  Phoenix  
  85  7:08  Protoss Air Armor Level 1  
  85  7:15  Phoenix  
  87  7:21  Phoenix  
  89  7:23  Probe, Photon Cannon  
  89  7:24  Nexus  
  89  7:27  Pylon  
  90  7:30  Pylon  
  90  7:31  Pylon  
  90  7:35  Probe  
  91  7:38  Tempest  
  96  7:46  Carrier  
  96  7:48  Probe  
  109  7:51  Carrier  
  109  7:58  Photon Cannon  
  109  7:59  Photon Cannon  
  109  8:03  Photon Cannon  
  109  8:04  Shield Battery  
  109  8:05  Photon Cannon  
  109  8:21  Carrier  
  115  8:50  Carrier  
  127  8:55  Carrier  
  127  9:02  Anion Pulse-Crystals  
  125  9:07  Probe (Chrono Boost)  
  125  9:09  Photon Cannon  
  126  9:14  Photon Cannon  
  126  9:16  Photon Cannon  
  126  9:18  Pylon  
  126  9:19  Probe (Chrono Boost)  
  135  9:25  Probe (Chrono Boost), Phoenix  
  135  9:26  Mothership (Chrono Boost)  
  138  9:33  Probe  
  138  9:35  Assimilator  
  138  9:37  Nexus  
  139  9:38  Pylon  
  139  9:40  Assimilator  
  139  9:42  Pylon  
  139  9:45  Probe  
  140  9:50  Phoenix  
  140  9:52  Robotics Facility  
  142  9:54  Probe  
  142  9:56  Carrier  
  142  9:57  Probe  
  150  10:06  Probe  
  151  10:09  Probe  
  152  10:18  Probe  
  153  10:45  Pylon  
  153  10:48  Pylon  
  153  10:51  Pylon  
  153  10:54  Pylon  
  153  11:01  Nexus  
  153  11:02  Pylon  
  153  11:03  Probe x2  
  155  11:04  Pylon  
  155  11:06  Pylon, Carrier, Stargate  
  155  11:07  Pylon  
  155  11:08  Pylon  
  155  11:09  Carrier, Pylon  
  168  11:11  Observer  
  168  11:12  Carrier, Pylon  
  168  11:16  Pylon  
  174  11:19  Pylon  
  174  11:21  Protoss Air Weapons Level 2 (Chrono Boost)  
  174  11:23  Probe  
  174  11:24  Pylon  
  175  11:29  Pylon  
  175  11:35  Probe  
  175  11:39  Photon Cannon  
  176  11:42  Photon Cannon  
  176  11:45  Photon Cannon  
  176  11:47  Probe, Photon Cannon  
  176  11:51  Shield Battery  
  176  11:53  Photon Cannon  
  177  11:55  Photon Cannon  
  177  11:59  Probe  
  177  12:00  Observer  
  179  12:03  Carrier  
  185  12:11  Probe, Carrier  
  185  12:13  Carrier  
  176  12:38  Carrier  
  166  12:59  Probe x2  
  155  13:07  Carrier  
  155  13:11  Probe x2  
  170  13:23  Probe x2  
  172  13:35  Probe x2  
  172  13:47  Probe x2  
Tags
 
Add a new tag
Caveats
  • Supply blocks, unpowered buildings, or Contaminate may cause inaccurate times.
  • Supply counts are checked every 10 seconds.